[ AOE2 MATCH · #506474173 ]
UnrankedLithuanians vs Persians
Player's team · LOSS
Rival team · WIN
[ REPLAY ANALYSIS · EXTRACTED FROM THE RECORDED GAME ]
Feudal
10:06
Castle
—
Imperial
—
| APM avg | 89.4 |
| APM peak | 138 |
| eAPM avg | 30.8 |
| Villagers / military | 37 / 20 |
Focus
⚔️ 41.4% · 🌾 58.6%
Skirmisher ×14 · Archer ×3 · Militia ×2 · Spearman ×1
Feudal
10:00
Castle
20:27
Imperial
—
| APM avg | 78.3 |
| APM peak | 125 |
| eAPM avg | 21.7 |
| Villagers / military | 42 / 16 |
Focus
⚔️ 27.5% · 🌾 72.5%
Archer ×10 · Militia ×4 · Knight ×2
Match map
Initial resources + every placement click. Lines = walls · curves = elevation contours. ◆ gold · ⬟ stone · ● berries · ✦ relic · ◌ wall gap
Your base· Open — unwalled flank
Dr. Snizl's base· Open — 4t gap
Smoothed initial terrain · ◌ = detected wall gap · hover for details
Inputs per minute
— matt_993 - - Dr. Snizl
Build order — matt_993
126 actions detected in the replay
| 0:00 | Create | Villager (Male) |
| 0:00 | Create | Villager (Male) |
| 0:02 | Build | House |
| 0:03 | Build | House |
| 0:04 | Create | Villager (Male) |
| 0:05 | Create | Villager (Male) |
| 0:07 | Create | Villager (Male) |
| 0:08 | Create | Villager (Male) |
| 1:23 | Create | Villager (Male) |
| 2:00 | Create | Villager (Male) |
| 2:15 | Create | Villager (Male) |
| 2:27 | Build | Lumber Camp |
| 3:30 | Create | Villager (Male) |
| 3:37 | Build | House |
| 3:44 | Create | Villager (Male) |
| 3:48 | Create | Villager (Male) |
| 3:49 | Create | Villager (Male) |
| 4:20 | Create | Villager (Male) |
| 4:21 | Create | Villager (Male) |
| 4:41 | Build | Barracks |
| 5:04 | Build | House |
| 5:59 | Create | Militia |
| 5:59 | Create | Militia |
| 6:09 | Create | Villager (Male) |
| 6:14 | Build | Mill |
| 6:41 | Create | Villager (Male) |
| 7:02 | Create | Villager (Male) |
| 7:13 | Research | Loom |
| 7:51 | Research | Feudal Age |
| 8:33 | Build | Mining Camp |
| 8:52 | Build | House |
| 9:07 | Build | Mill |
| 9:11 | Create | Villager (Male) |
| 9:37 | Create | Villager (Male) |
| 10:06 | Age | Feudal Age |
| 10:07 | Build | Palisade Wall |
| 10:09 | Build | Palisade Wall |
| 10:25 | Create | Villager (Male) |
| 10:25 | Create | Villager (Male) |
| 10:26 | Create | Villager (Male) |
| 10:26 | Create | Villager (Male) |
| 10:35 | Create | Villager (Male) |
| 10:36 | Build | Archery Range |
| 10:44 | Build | Palisade Wall |
| 10:45 | Build | Palisade Wall |
| 10:56 | Create | Villager (Male) |
| 11:01 | Research | Double-Bit Axe |
| 11:02 | Research | Double-Bit Axe |
| 11:08 | Build | Farm |
| 11:09 | Build | Farm |
| 11:14 | Build | House |
| 11:16 | Build | House |
| 11:17 | Build | Palisade Wall |
| 11:34 | Build | House |
| 11:43 | Create | Archer |
| 11:43 | Create | Archer |
| 11:47 | Create | Villager (Male) |
| 11:48 | Build | Farm |
| 11:50 | Build | Farm |
| 12:08 | Build | Farm |
| 12:11 | Build | Farm |
| 12:15 | Build | Farm |
| 12:26 | Create | Villager (Male) |
| 12:34 | Build | Farm |
| 12:38 | Create | Archer |
| 12:48 | Create | Villager (Male) |
| 12:56 | Build | Farm |
| 13:11 | Build | Palisade Wall |
| 13:15 | Create | Skirmisher |
| 13:15 | Create | Skirmisher |
| 13:20 | Build | Palisade Wall |
| 13:32 | Build | House |
| 13:41 | Create | Skirmisher |
| 13:41 | Create | Skirmisher |
| 13:42 | Create | Villager (Male) |
| 13:52 | Build | Palisade Wall |
| 13:55 | Create | Skirmisher |
| 14:00 | Create | Skirmisher |
| 14:07 | Build | Farm |
| 14:09 | Build | Farm |
| 14:10 | Create | Villager (Male) |
| 14:15 | Create | Skirmisher |
| 14:18 | Create | Villager (Male) |
| 14:30 | Create | Skirmisher |
| 14:55 | Create | Skirmisher |
| 15:02 | Create | Skirmisher |
| 15:16 | Build | Blacksmith |
| 15:25 | Create | Villager (Male) |
| 15:30 | Create | Skirmisher |
| 15:35 | Build | House |
| 15:36 | Build | House |
| 16:04 | Research | Fletching |
| 16:08 | Create | Skirmisher |
| 16:10 | Create | Skirmisher |
| 16:20 | Build | Farm |
| 16:28 | Build | Farm |
| 17:02 | Create | Villager (Male) |
| 17:02 | Create | Villager (Male) |
| 17:25 | Create | Spearman |
| 17:41 | Create | Skirmisher |
| 17:41 | Create | Villager (Male) |
| 17:47 | Build | House |
| 17:48 | Build | House |
| 17:50 | Build | House |
| 17:51 | Build | House |
| 17:54 | Build | House |
| 17:55 | Build | House |
| 18:10 | Build | Farm |
| 18:17 | Build | Lumber Camp |
| 18:20 | Build | Lumber Camp |
| 18:28 | Create | Villager (Male) |
| 18:36 | Research | Gold Mining |
| 19:37 | Build | House |
| 19:39 | Build | House |
| 19:46 | Research | Castle Age |
| 19:47 | Research | Castle Age |
| 20:04 | Build | Archery Range |
| 20:05 | Build | Archery Range |
| 20:10 | Research | Padded Archer Armor |
| 20:16 | Build | Mining Camp |
| 20:21 | Build | House |
| 20:22 | Build | House |
| 20:24 | Build | House |
| 20:27 | Build | House |
| 20:30 | Build | House |
| 20:32 | Build | House |
Build order — Dr. Snizl
118 actions detected in the replay
| 0:00 | Create | Villager (Male) |
| 0:01 | Create | Villager (Male) |
| 0:02 | Build | House |
| 0:04 | Build | House |
| 0:09 | Create | Villager (Male) |
| 0:10 | Create | Villager (Male) |
| 0:16 | Create | Villager (Male) |
| 0:16 | Create | Villager (Male) |
| 1:29 | Create | Villager (Male) |
| 1:55 | Build | Lumber Camp |
| 2:13 | Create | Villager (Male) |
| 2:23 | Create | Villager (Male) |
| 2:24 | Create | Villager (Male) |
| 2:52 | Create | Villager (Male) |
| 3:09 | Build | Palisade Wall |
| 3:18 | Create | Villager (Male) |
| 3:41 | Build | House |
| 3:52 | Create | Villager (Male) |
| 4:06 | Build | Palisade Wall |
| 4:12 | Build | Barracks |
| 4:19 | Create | Villager (Male) |
| 4:32 | Create | Villager (Male) |
| 4:38 | Create | Villager (Male) |
| 5:10 | Build | House |
| 5:22 | Create | Militia |
| 5:23 | Create | Militia |
| 5:36 | Create | Villager (Male) |
| 5:40 | Build | Mill |
| 6:03 | Create | Villager (Male) |
| 6:20 | Create | Villager (Male) |
| 6:35 | Create | Villager (Male) |
| 6:54 | Build | Mining Camp |
| 6:55 | Research | Loom |
| 7:56 | Research | Feudal Age |
| 8:05 | Build | House |
| 8:32 | Create | Militia |
| 8:33 | Create | Militia |
| 8:48 | Build | Farm |
| 8:50 | Build | Farm |
| 8:54 | Build | Farm |
| 9:33 | Create | Villager (Male) |
| 9:36 | Build | House |
| 10:00 | Age | Feudal Age |
| 10:04 | Research | Man-at-Arms (upgrade) |
| 10:13 | Build | Archery Range |
| 10:22 | Create | Villager (Male) |
| 10:37 | Create | Villager (Male) |
| 10:43 | Research | Double-Bit Axe |
| 11:02 | Create | Villager (Male) |
| 11:08 | Create | Archer |
| 11:08 | Create | Archer |
| 11:10 | Build | Farm |
| 11:26 | Create | Villager (Male) |
| 11:29 | Build | Farm |
| 11:36 | Create | Archer |
| 11:44 | Create | Villager (Male) |
| 11:46 | Build | House |
| 12:04 | Research | Horse Collar |
| 12:04 | Research | Horse Collar |
| 12:10 | Create | Villager (Male) |
| 12:15 | Create | Archer |
| 12:25 | Create | Villager (Male) |
| 12:30 | Build | Farm |
| 12:35 | Create | Villager (Male) |
| 12:48 | Create | Archer |
| 12:55 | Build | Blacksmith |
| 13:04 | Create | Villager (Male) |
| 13:08 | Create | Villager (Male) |
| 13:11 | Build | House |
| 13:19 | Build | Palisade Wall |
| 13:23 | Build | Palisade Wall |
| 13:26 | Create | Villager (Male) |
| 13:27 | Create | Archer |
| 13:43 | Create | Villager (Male) |
| 13:45 | Build | Farm |
| 13:47 | Build | Farm |
| 14:00 | Build | House |
| 14:01 | Build | Farm |
| 14:17 | Research | Fletching |
| 14:17 | Research | Fletching |
| 14:23 | Create | Villager (Male) |
| 14:39 | Create | Archer |
| 15:21 | Create | Villager (Male) |
| 15:28 | Build | Farm |
| 15:40 | Create | Archer |
| 15:53 | Create | Archer |
| 15:57 | Create | Villager (Male) |
| 16:07 | Build | Market |
| 16:17 | Create | Archer |
| 16:19 | Create | Villager (Male) |
| 16:33 | Create | Villager (Male) |
| 16:38 | Build | Palisade Wall |
| 16:40 | Build | Palisade Wall |
| 16:59 | Build | House |
| 17:06 | Research | Wheelbarrow |
| 17:11 | Create | Villager (Male) |
| 17:22 | Build | Farm |
| 17:27 | Build | Farm |
| 17:29 | Build | Farm |
| 17:30 | Build | Farm |
| 17:35 | Create | Villager (Male) |
| 18:02 | Research | Castle Age |
| 18:02 | Research | Castle Age |
| 18:08 | Build | Palisade Gate |
| 18:11 | Build | Stable |
| 18:31 | Research | Gold Mining |
| 19:02 | Build | Stable |
| 19:06 | Research | Bloodlines |
| 19:13 | Create | Villager (Male) |
| 19:22 | Build | Farm |
| 19:23 | Build | Farm |
| 19:30 | Research | Scale Barding Armor |
| 20:06 | Build | Lumber Camp |
| 20:17 | Create | Villager (Male) |
| 20:25 | Build | Farm |
| 20:27 | Age | Castle Age |
| 20:28 | Create | Knight |
| 20:29 | Create | Knight |
Match timeline
| 3:09 | Dr. Snizl · wall_segment Palisade Wall x1 |
| 4:06 | Dr. Snizl · wall_segment Palisade Wall x1 |
| 4:12 | Dr. Snizl · first_building Barracks |
| 4:41 | matt_993 · first_building Barracks |
| 10:00 | Dr. Snizl · age_up feudal |
| 10:06 | matt_993 · age_up feudal |
| 10:07 | matt_993 · wall_segment Palisade Wall x1 |
| 10:09 | matt_993 · wall_segment Palisade Wall x1 |
| 10:13 | Dr. Snizl · first_building Archery Range |
| 10:36 | matt_993 · first_building Archery Range |
| 10:44 | matt_993 · wall_segment Palisade Wall x1 |
| 10:45 | matt_993 · wall_segment Palisade Wall x1 |
| 11:17 | matt_993 · wall_segment Palisade Wall x1 |
| 13:11 | matt_993 · wall_segment Palisade Wall x4 |
| 13:19 | Dr. Snizl · wall_segment Palisade Wall x6 |
| 13:20 | matt_993 · wall_segment Palisade Wall x7 |
| 13:23 | Dr. Snizl · wall_segment Palisade Wall x11 |
| 13:52 | matt_993 · wall_segment Palisade Wall x9 |
| 16:38 | Dr. Snizl · wall_segment Palisade Wall x1 |
| 16:40 | Dr. Snizl · wall_segment Palisade Wall x8 |
| 18:00 | Dr. Snizl · first_market_sell 100 wood |
| 18:01 | Dr. Snizl · first_market_buy 100 food |
| 18:11 | Dr. Snizl · first_building Stable |
| 20:27 | Dr. Snizl · age_up castle |
| 20:42 | matt_993 · resign |
[ AI ANALYSIS · 1 CREDIT ]
What really happened in this match?
Wolo.gg analyzes every decision: build order, eco, micro, common mistakes by bracket. Personalized analysis on WhatsApp or Discord in 30 seconds.
Civ guide
Lithuanians
Perfil
Jugador #2279765